 Dungeon Crawl Stone Soup version 0.18-a0-1343-g48c8f86 (webtiles) character file.

1600 M4edhros the Martial Artist (level 8, 0/58 HPs)
             Began as a Mummy Monk on Feb 16, 2016.
             Hit by a tomahawk thrown by an orc warrior (5 damage)
             ... on level 6 of the Dungeon.
             The game lasted 00:15:51 (8150 turns).

M4edhros the Martial Artist (Mummy Monk)            Turns: 8150, Time: 00:15:51

Health: 0/58       AC:  8    Str: 15    XL:     8   Next: 62%
Magic:  8/8        EV: 13    Int:  9    God:
Gold:   625        SH:  0    Dex: 16    Spells: 0 memorised, 7 levels left

rFire  . . .     SeeInvis .       - Unarmed
rCold  + . .     Gourm    .     (no armour)
rNeg   + + +     Faith    .     (no shield)
rPois  ∞         Spirit   .     d - +1 helmet
rElec  .         Dismiss  .     (no cloak)
rCorr  .         Reflect  .     p - +2 pair of gloves {archery}
SustAt .         Harm     .     h - +0 pair of boots
MR     +....                    (no amulet)
Stlth  +++.......               f - +2 ring of protection
                                c - ring of protection from fire

@: somewhat resistant to hostile enchantments, fairly stealthy
A: no food or potions, fire vulnerability, cold resistance 1, negative energy
resistance 3, torment resistance, unbreathing
a: no special abilities


You were on level 6 of the Dungeon.
You were not hungry.

You visited 1 branch of the dungeon, and saw 8 of its levels.
You also visited: Ossuary.

You collected 625 gold pieces.

Inventory:

Armour
 d - a +1 helmet (worn)
 h - a +0 pair of boots (worn)
 p - a +2 pair of gloves of archery (worn)
Jewellery
 a - an uncursed ring of resist corrosion
 c - a ring of protection from fire (left hand)
 f - a +2 ring of protection (right hand)
 j - an uncursed ring of protection from fire
 q - an uncursed ring of sustain attributes
Wands
 k - a wand of digging (15/24)
 n - a wand of iceblast (8/15)
Scrolls
 b - 7 scrolls of remove curse
 e - a scroll of noise {unknown}
 g - 2 scrolls of recharging
 i - 3 scrolls of enchant armour {unknown}
 l - a scroll of immolation
 m - a scroll of fear
 o - a scroll of blinking {unknown}


   Skills:
 - Level 3.0 Fighting
 - Level 2.4 Dodging
 - Level 5.2 Stealth
 + Level 8.6 Unarmed Combat


You had 7 spell levels left.
You didn't know any spells.

Dungeon Overview and Level Annotations

Branches:
Dungeon (8/15)
 Temple: D:4-7         Lair: D:8-11

Altars:
Ashenzari
Qazlal

Shops:
D:5 !

Annotations:
D:6 Sigmund


Innate Abilities, Weirdness & Mutations

You do not eat or drink.
Your flesh is vulnerable to fire.
You are immune to poison.
Your flesh is cold resistant.
You are immune to negative energy.
You are immune to unholy pain and torment.
You can survive without breathing.


Message History

The orc warrior is moderately wounded.
The orc warrior completely misses you.
You hit the orc warrior.
The orc warrior is heavily wounded.
The orc warrior hits you with a trident!
You hit the orc warrior but do no damage.
The orc warrior is heavily wounded.
The orc warrior hits you but does no damage.
You hit the orc warrior but do no damage.
The orc warrior is heavily wounded.
You hit the orc warrior.
The orc warrior is severely wounded.
The orc warrior hits you with a trident!
* * * LOW HITPOINT WARNING * * *
The orc warrior closely misses you.
The orc warrior throws a tomahawk.
The tomahawk hits you.
* * * LOW HITPOINT WARNING * * *
You see here a tomahawk.
The orc warrior throws a tomahawk.
The tomahawk hits you.
You die...

#.......#...........)...#
#.......#.....#.........#
#.......#.....#####.....#
#####.###.....# #.....#
#####.# #.....# #.....#
......# ####.##
##.....##.. ####### #.
#..........
######.#####)#)#####..
#.....o..(@$(#(# .
#............#.#
#............#.###
#.....$..###.....#
#........# #.#.#.#
#.........
###(#.#######.#
#####..... ..#.#<......#
#.###.. ##.#......#..#
#.##........#


You could see an orc warrior.

Vanquished Creatures
  An ice beast (D:5)
  A phantom (D:8)
  A necrophage (D:5)
  7 giant frogs
  A scorpion (D:5)
  A crimson imp (D:5)
  2 giant frog skeletons
  A quasit (D:6)
  2 hounds
  An orc priest (D:6)
  3 orc wizards
  Jessica (D:3)
  Terence (D:2)
  3 worker ants
  2 hound skeletons
  9 mummies
  3 gnolls
  10 adders
  A shadow imp (D:5)
  An ooze (D:2)
  An adder skeleton (D:4)
  An adder zombie (D:8)
  4 worms
  2 giant geckos
  26 orcs
  3 ball pythons
  6 bats
  8 giant cockroaches
  4 goblins
  8 hobgoblins
  12 jackals
  3 quokkas
  5 giant newts
  A gnoll zombie (Ossuary)
  2 hobgoblin zombies (Ossuary)
  6 kobolds
  3 kobold zombies (Ossuary)
  2 orc zombies (Ossuary)
  A quokka skeleton (D:6)
  4 rats
154 creatures vanquished.

Notes
Turn   | Place    | Note
--------------------------------------------------------------
     0 | D:1      | M4edhros the Mummy Monk began the quest for the Orb.
     0 | D:1      | Reached XP level 1. HP: 18/18 MP: 1/1
   750 | D:2      | Reached XP level 2. HP: 24/24 MP: 2/2
   981 | D:2      | Reached XP level 3. HP: 27/29 MP: 3/3
  1033 | D:2      | Noticed Terence
  1640 | D:2      | Reached XP level 4. HP: 32/35 MP: 4/4
  1680 | D:1      | Reached skill level 4 in Unarmed Combat
  2179 | D:2      | Killed Terence
  2807 | D:2      | Reached XP level 5. HP: 11/41 MP: 5/5
  3360 | D:3      | Found a stormy altar of Qazlal.
  3363 | D:3      | Noticed an air elemental
  3697 | D:3      | Found a faded altar to an unknown god.
  3819 | D:3      | Reached XP level 6. HP: 19/47 MP: 6/6
  4145 | D:3      | Noticed a water elemental
  4145 | D:3      | Noticed a fire elemental
  4197 | D:3      | Noticed Jessica
  4224 | D:3      | Killed Jessica
  4316 | D:4      | Reached skill level 5 in Unarmed Combat
  5064 | D:4      | Reached skill level 5 in Stealth
  5282 | D:5      | Entered Level 5 of the Dungeon
  5396 | D:5      | Reached XP level 7. HP: 50/52 MP: 7/7
  5519 | D:5      | Found a shattered altar of Ashenzari.
  5543 | D:5      | Found Kenwesab's Distillery.
  5629 | D:5      | Found a sand-covered staircase.
  5747 | Ossuary  | Entered an ossuary
  6533 | Ossuary  | Identified a scroll of acquirement
  6610 | D:5      | Reached skill level 6 in Unarmed Combat
  6715 | D:5      | You fall through a shaft for 3 floors!
  6815 | D:6      | Reached skill level 7 in Unarmed Combat
  6829 | D:6      | Reached XP level 8. HP: 23/58 MP: 8/8
  7131 | D:6      | Noticed Sigmund
  7333 | D:5      | Reached skill level 8 in Unarmed Combat
  8150 | D:6      | Hit by a tomahawk thrown by an orc warrior

Vault maps used:
D:1:      dpeg_arrival_stonehenge_12_columns
D:2:      uniq_terence
D:3:      ecumenical_altar_2, nicolae_qazlal_style_of_elements, uniq_jessica
D:5:      serial_shops, shop, first_bread, basic_altar,
          gup_ossuary_entry_pyramid
D:6:      minmay_temple_entry_junction, uniq_sigmund
D:8:      kennysheep_blocky_hall, basic_altar, serial_shops,
          nicolae_shop_behind_doors, uniq_joseph, uniq_grum, uniq_erica
Ossuary:  ossuary_tomb_3

Action                   |  1- 3 |  4- 6 |  7- 9 || total
-------------------------+-------+-------+-------++-------
Melee: Unarmed           |   120 |   358 |   346 ||   824
  Use: Scroll            |     4 |     3 |     4 ||    11
 Stab: Sleeping          |     1 |     4 |     4 ||     9
